| TOP OF THE 1ST |
|
St. Louis Cardinals batting - Pitching for Colorado Rockies : RHP Gabe Stokes
|
|
Pitching: RHP Gabe Stokes
|
|
|
Batting: SHB Chris Blue
|
0-0: Fly out, F5 (Line Drive, 5, EV 68.1 MPH)
|
|
Batting: LHB Pat Sutton
|
0-0: Ball 1-0: Ball 2-0: DOUBLE (Flyball, 8LXD, EV 106.9 MPH)
|
|
Batting: SHB Harry Hoop
|
0-0: Called Strike 0-1: Swinging Strike 0-2: Ball 1-2: Ball 2-2: Strikes out looking
|
|
Batting: SHB Antoine Roux
|
0-0: Called Strike 0-1: Ball 1-1: Foul Ball, location: 2F 1-2: Strikes out swinging
|
| Top of the 1st over - 0 runs, 1 hit, 0 errors, 1 left on base; St. Louis 0 - Colorado 0 |
| BOTTOM OF THE 1ST |
|
Colorado Rockies batting - Pitching for St. Louis Cardinals : RHP Casey Cogdill
|
|
Pitching: RHP Casey Cogdill
|
|
|
Batting: SHB Eddie Quinones
|
0-0: Called Strike 0-1: Fly out, F5 (Line Drive, 56, EV 63.1 MPH)
|
|
Batting: RHB Henry Alvizo
|
0-0: Called Strike 0-1: Called Strike 0-2: Ball 1-2: Foul Ball, location: 2F 1-2: Strikes out swinging
|
|
Batting: RHB Joel Haycock
|
0-0: Swinging Strike 0-1: Foul Ball, location: 2F 0-2: SOLO HOME RUN (Flyball, 78XD, EV 103.1 MPH), Distance : 395 ft
|
|
Batting: LHB Shawn Morrison
|
0-0: Swinging Strike 0-1: Foul Ball, location: 2F 0-2: Foul Ball, location: 2F 0-2: Foul Ball, location: 2F 0-2: Ball 1-2: Strikes out swinging
|
| Bottom of the 1st over - 1 run, 1 hit, 0 errors, 0 left on base; St. Louis 0 - Colorado 1 |
| TOP OF THE 2ND |
|
St. Louis Cardinals batting - Pitching for Colorado Rockies : RHP Gabe Stokes
|
|
Batting: LHB Armando Carbajal
|
0-0: Swinging Strike 0-1: Ball 1-1: Foul Ball, location: 2F 1-2: Ball 2-2: Foul Ball, location: 2F 2-2: SINGLE (Line Drive, 7S, EV 91.2 MPH)
|
|
Batting: RHB Jordan Diaz
|
0-0: Ball Armando Carbajal steals 2nd, throwing error, E2 Armando Carbajal to third 1-0: Foul Ball, location: 2F 1-1: SINGLE (Groundball, 56D, EV 107.5 MPH) Armando Carbajal scores
|
|
Batting: RHB Melvin Enriquez
|
0-0: Ball 1-0: Fly out, F8 (Flyball, 8LXD, EV 83.1 MPH)
|
|
Batting: RHB Klaas Meij
|
0-0: Ball 1-0: Ball 2-0: Called Strike Jordan Diaz steals 2nd base 2-1: Ground out 6-3 (Groundball, 56, EV 88.1 MPH)
|
|
Batting: SHB Luke Robbins
|
0-0: Ball 1-0: Ball 2-0: Ball 3-0: Called Strike 3-1: Called Strike 3-2: Ground out 5-3 (Groundball, 56, EV 106.9 MPH)
|
| Top of the 2nd over - 1 run, 2 hits, 1 error, 1 left on base; St. Louis 1 - Colorado 1 |
| BOTTOM OF THE 2ND |
|
Colorado Rockies batting - Pitching for St. Louis Cardinals : RHP Casey Cogdill
|
|
Batting: RHB Jason Andrews
|
0-0: Called Strike 0-1: Ball 1-1: Called Strike 1-2: Ball 2-2: Strikes out swinging
|
|
Batting: LHB Freddy Troncoso
|
0-0: Ball 1-0: Ball 2-0: SINGLE (Groundball, 4MD, EV 110.0 MPH)
|
|
Batting: SHB Andy Vivas
|
0-0: Called Strike 0-1: Ball 1-1: DOUBLE (Flyball, 89XD, EV 103.1 MPH) Freddy Troncoso to third Runner from 3rd tries for Home, SAFE, no throw by CF
|
|
Batting: SHB Jon Munoz
|
0-0: Fly out, F7 (Flyball, 7S, EV 85.0 MPH)
|
|
Batting: RHB Bobby Bowman
|
0-0: Ball 1-0: Ball 2-0: Ground out 6-3 (Groundball, 6, EV 81.9 MPH)
|
| Bottom of the 2nd over - 1 run, 2 hits, 0 errors, 1 left on base; St. Louis 1 - Colorado 2 |
| TOP OF THE 3RD |
|
St. Louis Cardinals batting - Pitching for Colorado Rockies : RHP Gabe Stokes
|
|
Batting: SHB Chris Blue
|
0-0: Ground out 5-3 (Groundball, 5L, EV 89.4 MPH)
|
|
Batting: LHB Pat Sutton
|
0-0: Called Strike 0-1: Ball 1-1: Fly out, F8 (Flyball, 8RD, EV 90.0 MPH)
|
|
Batting: SHB Harry Hoop
|
0-0: Fly out, F8 (Flyball, 89M, EV 93.8 MPH)
|
| Top of the 3rd over - 0 runs, 0 hits, 0 errors, 0 left on base; St. Louis 1 - Colorado 2 |
| BOTTOM OF THE 3RD |
|
Colorado Rockies batting - Pitching for St. Louis Cardinals : RHP Casey Cogdill
|
|
Batting: SHB Eddie Quinones
|
0-0: Ball 1-0: Swinging Strike 1-1: Ball 2-1: SINGLE (Line Drive, 6MD, EV 100.0 MPH)
|
|
Batting: RHB Henry Alvizo
|
0-0: Ball Eddie Quinones steals 2nd base 1-0: Ball 2-0: Foul Ball, location: 2F 2-1: Ball 3-1: Called Strike 3-2: Foul Ball, location: 2F 3-2: TRIPLE (Flyball, 9LD, EV 103.8 MPH) Eddie Quinones scores
|
|
Batting: RHB Joel Haycock
|
0-0: Ground out 4-3 (Groundball, 4, EV 90.6 MPH) Henry Alvizo scores
|
|
Batting: LHB Shawn Morrison
|
0-0: Ball 1-0: Foul Ball, location: 2F 1-1: Ball 2-1: Fly out, F9 (Flyball, 89M, EV 83.1 MPH)
|
|
Batting: RHB Jason Andrews
|
0-0: Called Strike 0-1: Ground out U3 (Groundball, 34, EV 103.8 MPH)
|
| Bottom of the 3rd over - 2 runs, 2 hits, 0 errors, 0 left on base; St. Louis 1 - Colorado 4 |
| TOP OF THE 4TH |
|
St. Louis Cardinals batting - Pitching for Colorado Rockies : RHP Gabe Stokes
|
|
Batting: SHB Antoine Roux
|
0-0: Called Strike 0-1: Foul Ball, location: 2F 0-2: Ball 1-2: Strikes out swinging, 2-3 out at first.
|
|
Batting: LHB Armando Carbajal
|
0-0: Foul Ball, location: 2F 0-1: SINGLE (Line Drive, 5D, EV 108.1 MPH)
|
|
Batting: RHB Jordan Diaz
|
0-0: Called Strike 0-1: Fly out, F4 (Popup, 4, EV 57.5 MPH)
|
|
Batting: RHB Melvin Enriquez
|
0-0: Ball 1-0: SINGLE (Groundball, 6MD, EV 94.4 MPH) Armando Carbajal to second
|
|
Batting: RHB Klaas Meij
|
0-0: Ball 1-0: Called Strike 1-1: Fly out, F8 (Flyball, 8RM, EV 84.4 MPH)
|
| Top of the 4th over - 0 runs, 2 hits, 0 errors, 2 left on base; St. Louis 1 - Colorado 4 |
| BOTTOM OF THE 4TH |
|
Colorado Rockies batting - Pitching for St. Louis Cardinals : RHP Casey Cogdill
|
|
Batting: LHB Freddy Troncoso
|
0-0: Foul Ball, location: 2F 0-1: Foul Ball, location: 2F 0-2: Ball 1-2: SINGLE (Flyball, 4MD, EV 91.2 MPH)
|
|
Batting: SHB Andy Vivas
|
0-0: Foul Ball, location: 2F 0-1: Ball 1-1: Grounds into double play, 4-6-3 (Groundball, 34, EV 78.1 MPH)
|
|
Batting: SHB Jon Munoz
|
0-0: Ball 1-0: Called Strike 1-1: Ball 2-1: Ball 3-1: Ground out 1-3 (Groundball, 15, EV 65.0 MPH)
|
| Bottom of the 4th over - 0 runs, 1 hit, 0 errors, 0 left on base; St. Louis 1 - Colorado 4 |
| TOP OF THE 5TH |
|
St. Louis Cardinals batting - Pitching for Colorado Rockies : RHP Gabe Stokes
|
|
Batting: SHB Luke Robbins
|
0-0: Fly out, F2 (Popup, 2LF, EV 97.5 MPH)
|
|
Batting: SHB Chris Blue
|
0-0: Foul Ball, location: 2F 0-1: Swinging Strike 0-2: Strikes out swinging
|
|
Batting: LHB Pat Sutton
|
0-0: Foul Ball, location: 2F 0-1: Ball 1-1: Called Strike 1-2: Foul Ball, location: 2F 1-2: Foul Ball, location: 2F 1-2: Foul Ball, location: 2F 1-2: Fly out, F4 (Popup, 34D, EV 46.9 MPH)
|
| Top of the 5th over - 0 runs, 0 hits, 0 errors, 0 left on base; St. Louis 1 - Colorado 4 |
| BOTTOM OF THE 5TH |
|
Colorado Rockies batting - Pitching for St. Louis Cardinals : RHP Casey Cogdill
|
|
Batting: RHB Bobby Bowman
|
0-0: Called Strike 0-1: Foul Ball, location: 2F 0-2: Hit by Pitch
|
|
Batting: SHB Eddie Quinones
|
0-0: Called Strike 0-1: Grounds into double play, 5-4-3 (Groundball, 56, EV 89.4 MPH)
|
|
Batting: RHB Henry Alvizo
|
0-0: Fly out, F7 (Flyball, 78D, EV 101.9 MPH)
|
| Bottom of the 5th over - 0 runs, 0 hits, 0 errors, 0 left on base; St. Louis 1 - Colorado 4 |
| TOP OF THE 6TH |
|
St. Louis Cardinals batting - Pitching for Colorado Rockies : RHP Gabe Stokes
|
|
Batting: SHB Harry Hoop
|
0-0: Swinging Strike 0-1: DOUBLE (Flyball, 78XD, EV 103.8 MPH)
|
|
Batting: SHB Antoine Roux
|
0-0: Ball 1-0: Ball 2-0: Fly out, F4 (Line Drive, 4, EV 69.4 MPH)
|
|
Batting: LHB Armando Carbajal
|
0-0: Ball 1-0: Called Strike 1-1: Ball 2-1: Ball 3-1: Base on Balls
|
|
Batting: RHB Jordan Diaz
|
0-0: Foul Ball, location: 2F 0-1: SINGLE (Line Drive, 78S, EV 94.4 MPH) Harry Hoop to third Armando Carbajal to second Runner from 3rd tries for Home, SAFE, throw by LF to home
|
|
Batting: RHB Melvin Enriquez
|
0-0: Called Strike 0-1: Called Strike 0-2: Ball 1-2: Foul Ball, location: 2F 1-2: Foul Ball, location: 2F 1-2: 3-RUN HOME RUN (Flyball, 7D, EV 99.4 MPH), Distance : 377 ft
|
|
Pitching: LHP Mike Nimmo
|
|
|
Batting: RHB Klaas Meij
|
0-0: Ground out 4-3 (Groundball, 34, EV 100.6 MPH)
|
|
Batting: SHB Luke Robbins
|
0-0: Foul Ball, location: 2F 0-1: Ball 1-1: Swinging Strike 1-2: Foul Ball, location: 2F 1-2: Ball 2-2: Ground out 6-3 (Groundball, 6M, EV 106.9 MPH)
|
| Top of the 6th over - 4 runs, 3 hits, 0 errors, 0 left on base; St. Louis 5 - Colorado 4 |
| BOTTOM OF THE 6TH |
|
Colorado Rockies batting - Pitching for St. Louis Cardinals : RHP Casey Cogdill
|
|
Batting: RHB Joel Haycock
|
0-0: SINGLE (Line Drive, 34D, EV 103.8 MPH)
|
|
Batting: LHB Shawn Morrison
|
0-0: Foul Ball, location: 2F 0-1: Foul Ball, location: 2F 0-2: Ball 1-2: Ball 2-2: Fly out, F8 (Flyball, 8LM, EV 93.1 MPH)
|
|
Batting: RHB Jason Andrews
|
0-0: Fly out, F9 (Flyball, 9LM, EV 93.1 MPH)
|
|
Batting: LHB Freddy Troncoso
|
0-0: Ball 1-0: Ball 2-0: Called Strike 2-1: Ground out 6-3 (Groundball, 4MD, EV 103.1 MPH)
|
| Bottom of the 6th over - 0 runs, 1 hit, 0 errors, 1 left on base; St. Louis 5 - Colorado 4 |
| TOP OF THE 7TH |
|
St. Louis Cardinals batting - Pitching for Colorado Rockies : LHP Mike Nimmo
|
|
Batting: SHB Chris Blue
|
0-0: Ball 1-0: Foul Ball, location: 2F 1-1: Ball 2-1: DOUBLE (Line Drive, 7LS, EV 105.6 MPH)
|
|
Batting: LHB Pat Sutton
|
0-0: Foul Ball, location: 2F 0-1: Foul Ball, location: 2F 0-2: Strikes out looking
|
|
Batting: SHB Harry Hoop
|
0-0: Ball 1-0: Ball 2-0: Ball 3-0: Base on Balls
|
|
Batting: SHB Antoine Roux
|
0-0: Swinging Strike 0-1: Ball 1-1: Foul Ball, location: 2F 1-2: Foul Ball, location: 2F 1-2: Fly out, F8 (Flyball, 89S, EV 97.5 MPH)
|
|
Batting: LHB Armando Carbajal
|
0-0: Foul Ball, location: 2F 0-1: Ball 1-1: Called Strike 1-2: Strikes out looking
|
| Top of the 7th over - 0 runs, 1 hit, 0 errors, 2 left on base; St. Louis 5 - Colorado 4 |
| BOTTOM OF THE 7TH |
|
Colorado Rockies batting - Pitching for St. Louis Cardinals : RHP Casey Cogdill
|
|
Batting: SHB Andy Vivas
|
0-0: Ball 1-0: Ball 2-0: Ball 3-0: Called Strike 3-1: Ground out U3 (Groundball, 3, EV 103.1 MPH)
|
|
Batting: SHB Jon Munoz
|
0-0: Foul Ball, location: 2F 0-1: Fly out, F7 (Flyball, 7D, EV 88.8 MPH)
|
|
Batting: RHB Bobby Bowman
|
0-0: Called Strike 0-1: Ball 1-1: SOLO HOME RUN (Flyball, 78XD, EV 101.9 MPH), Distance : 402 ft
|
|
Batting: SHB Eddie Quinones
|
0-0: Called Strike 0-1: Ball 1-1: Ball 2-1: Ball 3-1: Base on Balls
|
|
Batting: RHB Henry Alvizo
|
0-0: Ball Eddie Quinones steals 2nd base 1-0: Called Strike 1-1: Ball 2-1: Foul Ball, location: 2F 2-2: DOUBLE (Groundball, 5L, EV 106.9 MPH) Eddie Quinones scores
|
|
Pitching: RHP Josh Sandoval
|
|
|
Batting: RHB Joel Haycock
|
0-0: Called Strike 0-1: Ball 1-1: SINGLE (Groundball, 56D, EV 96.9 MPH) Henry Alvizo to third Runner from 3rd tries for Home, SAFE, throw by LF to home
|
|
Batting: LHB Shawn Morrison
|
0-0: Ball 1-0: Called Strike 1-1: Ball Wild Pitch! Joel Haycock to second 2-1: Intentional Walk
|
|
Batting: RHB Jason Andrews
|
0-0: Called Strike 0-1: Ball 1-1: Called Strike 1-2: Foul Ball, location: 2F 1-2: Ball 2-2: Ball 3-2: 3-RUN HOME RUN (Flyball, 7D, EV 97.5 MPH), Distance : 373 ft
|
|
Batting: LHB Freddy Troncoso
|
0-0: Ball 1-0: SOLO HOME RUN (Flyball, 9LD, EV 98.8 MPH), Distance : 378 ft
|
|
Pitching: RHP Ray Scifo
|
|
|
Batting: SHB Andy Vivas
|
0-0: SINGLE (Groundball, 4D, EV 99.4 MPH)
|
|
Batting: SHB Jon Munoz
|
0-0: Foul Ball, location: 2F 0-1: Called Strike 0-2: Strikes out swinging
|
| Bottom of the 7th over - 7 runs, 6 hits, 0 errors, 1 left on base; St. Louis 5 - Colorado 11 |
| TOP OF THE 8TH |
|
St. Louis Cardinals batting - Pitching for Colorado Rockies : LHP Mike Nimmo
|
|
Batting: RHB Jordan Diaz
|
0-0: SINGLE (Line Drive, 8LS, EV 107.5 MPH)
|
|
Batting: RHB Melvin Enriquez
|
0-0: Ball 1-0: Ball 2-0: 2-RUN HOME RUN (Flyball, 7D, EV 98.1 MPH), Distance : 377 ft
|
|
Batting: RHB Klaas Meij
|
0-0: Called Strike 0-1: Swinging Strike 0-2: Strikes out swinging
|
|
Batting: SHB Luke Robbins
|
0-0: Ball 1-0: Fly out, F8 (Flyball, 8RD, EV 100.0 MPH)
|
|
Batting: SHB Chris Blue
|
0-0: Ball 1-0: Foul Ball, location: 2F 1-1: Foul Ball, location: 2F 1-2: Strikes out swinging
|
| Top of the 8th over - 2 runs, 2 hits, 0 errors, 0 left on base; St. Louis 7 - Colorado 11 |
| BOTTOM OF THE 8TH |
|
Colorado Rockies batting - Pitching for St. Louis Cardinals : RHP Ray Scifo
|
|
Batting: RHB Bobby Bowman
|
0-0: Fly out, F7 (Flyball, 78S, EV 93.8 MPH)
|
|
Batting: SHB Eddie Quinones
|
0-0: Foul Ball, location: 2F 0-1: Ball 1-1: Ball 2-1: Foul Ball, location: 2F 2-2: Fly out, F8 (Flyball, 8LM, EV 87.5 MPH)
|
|
Batting: RHB Henry Alvizo
|
0-0: Swinging Strike 0-1: Called Strike 0-2: Foul Ball, location: 2F 0-2: Ball 1-2: Ball 2-2: Foul Ball, location: 2F 2-2: Ball 3-2: DOUBLE (Line Drive, 89D, EV 109.4 MPH)
|
|
Batting: RHB Joel Haycock
|
0-0: Called Strike 0-1: Foul Ball, location: 2F 0-2: Ball 1-2: SINGLE (Groundball, 4MD, EV 101.2 MPH) Henry Alvizo to third Runner from 3rd tries for Home, SAFE, throw by CF to home Joel Haycock to second
|
|
Batting: LHB Shawn Morrison
|
0-0: Foul Ball, location: 2F 0-1: Ball 1-1: Ball 2-1: Swinging Strike 2-2: Foul Ball, location: 2F 2-2: Ball 3-2: Foul Ball, location: 2F 3-2: Strikes out swinging
|
| Bottom of the 8th over - 1 run, 2 hits, 0 errors, 1 left on base; St. Louis 7 - Colorado 12 |
| TOP OF THE 9TH |
|
St. Louis Cardinals batting - Pitching for Colorado Rockies : LHP Mike Nimmo
|
|
Batting: LHB Pat Sutton
|
0-0: Ball 1-0: Ball 2-0: Ball 3-0: Fly out, F9 (Line Drive, 89S, EV 91.9 MPH)
|
|
Batting: SHB Harry Hoop
|
0-0: Fly out, F8 (Line Drive, 8LD, EV 103.8 MPH)
|
|
Batting: SHB Antoine Roux
|
0-0: Ball 1-0: Called Strike 1-1: Swinging Strike 1-2: Foul Ball, location: 2F 1-2: Ball 2-2: Ground out 4-3 (Groundball, 4, EV 96.9 MPH)
|
| Top of the 9th over - 0 runs, 0 hits, 0 errors, 0 left on base; St. Louis 7 - Colorado 12 |
|